AoeStats
← Axolot

Hill Fort

506275755Analyzed
4v4 RM · 19d ago on Sep 13, 2026· 41m 7s· 8 players
Game mode
Random Map
Map size
Large (8 player)
Population
200
Speed
Normal
Resources
Standard
Victory
Conquest
Starting age
Dark Age
Ending age
Imperial Age
RankedLock teamsTeams togetherTeam positionsShared explorationLock speedFull tech treeHidden civsTurbo modeCheats
Victory
Defeat
🇺🇸 Muisca · United States
1515
+16
🇦🇺 Lithuanians · Australia
1509
+16
🇺🇸 Georgians · United States
1497
+17
🇨🇱 Mongols · Chile
1474
+18
🇦🇷 Spanish · Argentina
1540
-18
🇦🇷 Burgundians · Argentina
1520
-17
🇦🇷 Bohemians · Argentina
1515
-17
🇦🇷 Georgians · Argentina
1476
-15
jimmy
11:12 Feudal Age
10:11 Loom
14:49 Castle Age
13:02 Horse Collar
13:58 Double-Bit Axe
16:38 Bow Saw
22:26 Town Watch
25:20 Wheelbarrow
24:49 Heavy Plow
24:48 Gold Mining
25:42 Stone Mining
30:54 Imperial Age
29:09 Hand Cart
29:30 Scale Mail Armor
29:41 Forging
29:21 Fletching
30:36 Stone Shaft Mining
29:43 Pikeman
31:27 Squires
31:02 Halberdier
32:43 Chain Mail Armor
33:04 Iron Casting
32:25 Bodkin Arrow
33:34 Chemistry
33:34 Guard Tower
35:02 Conscription
36:09 Keep
35:06 Onager
36:20 Svan Towers
36:34 Masonry
36:05 Treadmill Crane
37:12 Onager
39:13 Plate Mail Armor
39:43 Blast Furnace
38:44 Bracer
39:17 Architecture
39:08 Ballistics
38:34 Arrowslits
AlpacaFury
9:32 Feudal Age
13:47 Castle Age
13:22 Double-Bit Axe
13:44 Horse Collar
18:25 Wheelbarrow
17:36 Loom
19:35 Bow Saw
19:27 Heavy Plow
22:04 Town Watch
23:27 Hand Cart
28:19 Imperial Age
27:23 Fletching
28:34 Bodkin Arrow
28:28 Elite Temple Guard
29:00 Elite Skirmisher
31:56 Scale Mail Armor
32:32 Ballistics
32:38 Squires
34:43 Chain Mail Armor
34:25 Onager
36:15 Plate Mail Armor
35:56 Forging
36:22 Siege Engineers
40:16 Siege Onager
42:20 Iron Casting
Fito
11:29 Feudal Age
15:38 Castle Age
14:11 Double-Bit Axe
14:54 Fletching
16:12 Loom
17:21 Bow Saw
22:40 Bodkin Arrow
26:45 Wheelbarrow
27:36 Bloodlines
27:26 Husbandry
27:33 Gold Mining
32:05 Imperial Age
32:11 Ballistics
32:24 Town Watch
32:31 Stone Mining
32:49 Bracer
34:02 Chemistry
34:25 Conscription
34:49 Fortified Wall
35:11 Elite Mangudai
37:22 Capped Ram
38:24 Drill
40:04 Parthian Tactics
39:58 Caravan
NØRTHLANE
11:06 Feudal Age
15:17 Castle Age
14:08 Double-Bit Axe
14:26 Horse Collar
14:58 Loom
16:25 Bow Saw
22:11 Wheelbarrow
23:57 Heavy Plow
25:46 Scale Barding Armor
27:57 Chain Barding Armor
27:38 Gold Mining
28:29 Bloodlines
28:19 Husbandry
30:32 Town Watch
31:03 Hand Cart
37:02 Imperial Age
35:38 Stone Mining
36:04 Forging
38:19 Iron Casting
37:34 Fletching
38:31 Conscription
38:47 Plate Barding Armor
39:14 Two-Man Saw
38:43 Cavalier
40:00 Bodkin Arrow
41:16 Crop Rotation
40:54 Paladin
Axolot
8:30 Feudal Age
7:11 Double-Bit Axe
7:21 Loom
9:37 Bow Saw
11:29 Fishing Lines
15:08 Gillnets
20:49 Castle Age
19:50 Gold Mining
19:53 Stone Mining
21:11 Gold Shaft Mining
20:50 Cavalier
21:38 Scale Barding Armor
23:07 Two-Man Saw
22:55 Husbandry
24:00 Chain Barding Armor
23:51 Forging
27:51 Iron Casting
29:49 Horse Collar
30:39 Heavy Plow
34:05 Imperial Age
32:28 Crop Rotation
32:47 Wheelbarrow
33:48 Hand Cart
34:28 Paladin
37:17 Plate Barding Armor
40:28 Guilds
40:21 Caravan
[VA] Tano_Pacman
10:02 Feudal Age
13:47 Castle Age
12:44 Double-Bit Axe
15:32 Fervor
15:15 Horse Collar
18:57 Loom
21:52 Sanctity
22:25 Bow Saw
22:24 Fletching
24:10 Wheelbarrow
26:13 Fletching
27:36 Heavy Plow
29:29 Hand Cart
32:13 Imperial Age
29:30 Town Watch
31:12 Padded Archer Armor
31:08 Bodkin Arrow
32:15 Chemistry
31:35 Ballistics
30:57 Treadmill Crane
32:16 Elite Hussite Wagon
33:17 Conscription
34:55 Houfnice
35:48 Scale Mail Armor
37:08 Siege Engineers
38:40 Bracer
38:51 Masonry
J.AVI
10:05 Feudal Age
14:48 Castle Age
13:14 Double-Bit Axe
15:59 Horse Collar
17:35 Wheelbarrow
26:53 Loom
29:02 Hand Cart
32:17 Imperial Age
32:26 Imperial Age
30:29 Stone Mining
30:51 Bow Saw
32:00 Scale Barding Armor
32:06 Forging
33:04 Bloodlines
32:54 Husbandry
33:15 Heavy Plow
34:12 Chain Barding Armor
34:24 Svan Towers
34:17 Fletching
35:40 Conscription
35:58 Block Printing
37:34 Plate Barding Armor
37:35 Iron Casting
36:51 Elite Monaspa
38:30 Aznauri Cavalry
37:51 Cavalier
Dino_Mate
11:03 Feudal Age
12:55 Loom
16:29 Castle Age
17:49 Wheelbarrow
17:24 Double-Bit Axe
20:57 Horse Collar
23:09 Padded Archer Armor
24:19 Stone Mining
24:43 Gold Mining
27:03 Leather Archer Armor
28:56 Hand Cart
32:49 Imperial Age
31:34 Town Watch
32:03 Heavy Plow
32:27 Bloodlines
32:41 Husbandry
34:03 Ring Archer Armor
33:28 Elite Conquistador
35:34 Conscription
35:41 Fletching
36:02 Caravan
38:01 Light Cavalry
38:51 Scale Barding Armor
38:56 Forging
39:01 Capped Ram
40:37 Chain Barding Armor
Connection lost

Rejoining the realm…

Still unreachable

The connection could not be restored.

Session expired

The server has moved on; the page needs a fresh start.